 Dungeon Crawl Stone Soup version 0.19-a0-1170-g18f0c96 (webtiles) character file.

51 Rhoefr the Digger (level 3, -2/21 HPs)
             Began as an Octopode Earth Elementalist on Aug 16, 2016.
             Slain by a goblin (3 damage)
             ... on level 1 of the Dungeon.
             The game lasted 00:03:26 (1191 turns).

Rhoefr the Digger (Octopode Earth Elementalist)     Turns: 1191, Time: 00:03:27

Health: -2/21      AC:  1    Str:  5    XL:     3   Next: 81%
Magic:  1/6        EV: 13    Int: 18    God:
Gold:   67         SH:  0    Dex: 12    Spells: 1 memorised, 6 levels left

rFire  . . .     SeeInvis .     b - 9 stones
rCold  . . .     Gourm    .     (no shield)
rNeg   . . .     Faith    .     (helmet restricted)
rPois  .         Spirit   .     (no amulet)
rElec  .         Dismiss  .     (no ring)
rCorr  .         Reflect  .     (no ring)
MR     .....     Harm     .     (no ring)
Stlth  +++....... Rnd*Rage +    (no ring)
                                (no ring)
                                (no ring)
                                (no ring)
                                (no ring)

@: lethally poisoned (-2 -> -18), very slightly contaminated, hasted, very quick
A: almost no armour, amphibious, 8 rings, constrict 8, camouflage 1, berserk 1,
low mp 1, weak 1, gelatinous body 1
a: no special abilities


You were on level 1 of the Dungeon.
You were hungry.

You visited 1 branch of the dungeon, and saw 2 of its levels.

You collected 67 gold pieces.

Inventory:

Missiles
 b - 9 stones (in tentacle)
Scrolls
 i - a scroll of teleportation {unknown}
 j - a scroll of noise {unknown}
 k - a scroll of blinking {unknown}
Potions
 a - a potion of cure mutation {unknown}
 e - a potion of curing {unknown}
 h - a potion of berserk rage {unknown}
Books
 d - a book of Geomancy

   Spells                             Type                      Level
   a - Sandblast                      Earth                        1
   b - Passwall                       Transmutation/Earth          2
   c - Stone Arrow                    Conjuration/Earth            3
   d - Petrify                        Transmutation/Earth          4
   e - Lee's Rapid Deconstruction     Earth                        5
Comestibles
 c - a bread ration


   Skills:
 - Level 2.0 Dodging
 + Level 3.4 Stealth
 * Level 2.5 Spellcasting
   Level 1.0 Transmutations
 * Level 3.9 Earth Magic


You had 6 spell levels left.
You knew the following spells:

 Your Spells              Type           Power        Failure   Level  Hunger
a - Sandblast             Erth           ###...       3%          1    #......


Dungeon Overview and Level Annotations

Branches:
Dungeon (2/15)

Altars:


Innate Abilities, Weirdness & Mutations

You cannot wear most types of armour.
You are amphibious.
You can wear up to eight rings at the same time.
You can use your tentacles to constrict eight enemies at once.
Your skin changes colour to match your surroundings (Stealth+).
Your rubbery body absorbs attacks. (AC +1, EV +1)
You tend to lose your temper in combat.
Your magical capacity is low. (-10% MP)
You are weak. (Str -2)


Message History

Aiming: Sandblast
Press: ? - help, Shift-Dir - straight line, f - adder
Aim: an adder The rocky blast misses the adder.
The adder bites you.
* * * LOW HITPOINT WARNING * * *
You are more poisoned.
The adder poisons you! The goblin misses you.
It was a potion of haste.
You feel yourself speed up.
* * * LOW HITPOINT WARNING * * *
You feel sick. The adder closely misses you. The goblin closely misses you.
The adder bites you.
* * * LOW HITPOINT WARNING * * *
You are more poisoned.
The adder poisons you!
You are very lightly contaminated with residual magic.
It was a potion of mutation.
You feel extremely strange.
You feel weaker.
You feel a little pissed off.
You feel less energetic.
* * * LOW HITPOINT WARNING * * *
You feel sick. The goblin hits you.
You die...

#.#[.#).#...#.#.#...⌠....###...#.
#.##...#.#..#....#.............#.
.##.#....#.....................#.
################################.
### #### ####.##.########. ..#
###..# #....##.......... ..#
#...## #.#######.......# ..#
##.### ####g# #..###.#.. ..#
#..#####..@S# ####.## #.##. ###
#.###....######....# #.###
#.###.#### ##..#### ##.###
##.#...# ##..## #..... #....###
##..## ##..###
######..#########..########..##
........####......####..>)...####
####....#....###.).....####......
#........†...÷...........#####


You could see an adder and a goblin.

Vanquished Creatures
  2 adders
  2 giant geckos (D:1)
  3 ball pythons
  A giant cockroach (D:1)
  5 goblins
  A hobgoblin (D:2)
  3 jackals (D:1)
  4 kobolds (D:1)
  5 bats (D:1)
  3 rats (D:1)
29 creatures vanquished.

Notes
Turn   | Place    | Note
-------+----------+-------------------------------------------
     0 | D:1      | Rhoefr the Octopode Earth Elementalist began the quest for the Orb.
     0 | D:1      | Reached XP level 1. HP: 11/11 MP: 3/3
    49 | D:1      | Reached XP level 2. HP: 8/17 MP: 5/5
   815 | D:1      | Reached XP level 3. HP: 20/21 MP: 6/6
  1191 | D:1      | Gained mutation: You are weak. (Str -2) [potion of mutation]
  1191 | D:1      | Gained mutation: You tend to lose your temper in combat. [potion of mutation]
  1191 | D:1      | Gained mutation: Your magical capacity is low. (-10% MP) [potion of mutation]
  1191 | D:1      | HP: 1/21 [poisoned by an adder]
  1191 | D:1      | Slain by a goblin

Vault maps used:
D:1:      erik_arrival_cave_to_civilisation
D:2:      marbit_many_paths, serial_glass, glass_columns_a, glass_columns_a,
          minmay_strange_pillars, minmay_strange_pillars, feat_on_display,
          due_unseen_surprise, st_stairs_11, minmay_tromino_v4_c

Skill      XL: |  1 |
---------------+----+-----
Stealth        | 3 |  3.4
Dodging        | |  2.0
Spellcasting   | |  2.5
Transmutations | |  1.0
Earth Magic    | |  3.9

Action                   || total
-------------------------++-------
Melee: Unarmed           ||    72
       Constrict         ||    22
       Tentacles         ||    10
 Cast: Sandblast         ||    11
  Use: Potion            ||     2
 Stab: Sleeping          ||     9
Armor: Skin              ||     7
Dodge: Dodged            ||    57
